 Dungeon Crawl Stone Soup version 0.31-a0-841-g038b102fc3 (webtiles) character file.

Game seed: 8548170312670345118

91 mcwallace the Firebug (level 4, -1/35 HPs)
             Began as a Draconian Fire Elementalist on Sept 28, 2023.
             Slain by a sleepcap (2 damage)
             ... on level 3 of the Dungeon.
             The game lasted 00:05:45 (3049 turns).

mcwallace the Firebug (Draconian Fire Elementalist) Turns: 3049, Time: 00:05:46

Health: -1/35      AC:  5    Str: 10    XL:     4   Next: 33%
Magic:  3/7        EV: 12    Int: 17    God:
Gold:   146        SH:  0    Dex: 12    Spells: 5/8 levels left

rFire   . . .        d - +0 short sword {short}
rCold   . . .        (no shield)
rNeg    . . .        (body armour unavailable)
rPois   .            (helmet restricted)
rElec   .            (no cloak)
rCorr   .            (no gloves)
SInv    .            (no boots)
Will    .....        (no amulet)
Stlth   ++           (no ring)
HPRegen 0.25/turn    (no ring)
MPRegen 0.10/turn

%: no passive effects
@: no status effects
A: AC +5, unfitting armour, cold-blooded
a: no special abilities


You were on level 3 of the Dungeon.
You visited 1 branch of the dungeon, and saw 3 of its levels.

You collected 146 gold pieces.


Innate Abilities, Weirdness & Mutations

Your plain brown scales are hard. (AC +5)
You cannot fit into any form of body armour.
You are cold-blooded and may be slowed by cold attacks.


   Skills:
 + Level 1.6 Fighting
 + Level 2.4 Dodging
 - Level 1.7 Stealth
 + Level 0.1 Shields
 + Level 2.5 Spellcasting
 + Level 2.0 Conjurations
 + Level 3.5 Fire Magic


You had 5 spell levels left.
You knew the following spells:

 Your Spells              Type           Power      Damage    Failure   Level
a - Foxfire               Conj/Fire      44%        2x1d6     6%          1
b - Scorch                Fire           28%        2d6       7%          2

Your spell library contained the following spells:

 Spells                   Type           Power      Damage    Failure   Level
 Inner Flame              Hex/Fire       8%         N/A       26%         3
 Volatile Blastmotes      Fire/Tloc      16%        2d11      26%         3
 Cigotuvi's Dreadful Rot  Necr/Pois/Air  4%         N/A       28%         2
 Sublimation of Blood     Necr           2%         N/A       28%         2
 Wereblood                Tmut           2%         N/A       28%         2
 Ignite Poison            Fire/Tmut/Pois 6%         N/A       34%         3
 Flame Wave               Conj/Fire      11%        2d6       52%         4
 Freezing Cloud           Conj/Ice/Air   2%         6-21      98%         5
 Summon Hydra             Summ           1%         N/A       100%        7

Inventory:

Hand Weapons
 d - a +0 short sword (weapon) {short}
   (You took it off a kobold on level 1 of the Dungeon)
Missiles
 b - 7 stones {throwing}
 l - 2 boomerangs {throwing}
 n - 6 curare-tipped darts {=fthrowing}
Armour
 o - a +0 buckler
   (You found it on level 2 of the Dungeon)
Talismans
 c - a beast talisman
   (You found it on level 1 of the Dungeon)
 k - a flux talisman
   (You found it on level 1 of the Dungeon)
Scrolls
 e - a scroll of brand weapon {unknown}
 g - a scroll of revelation {unknown}
 m - a scroll of enchant armour {unknown}
 q - a scroll of fear {unknown}
 r - 3 scrolls of teleportation {unknown}
 s - a scroll of immolation {unknown}
Potions
 a - a potion of magic
 f - a potion of heal wounds {unknown}
 h - a potion of resistance {unknown}
 i - a potion of degeneration {unknown}
 j - a potion of mutation {unknown}
 p - a potion of invisibility {unknown}

Dungeon Overview and Level Annotations

Branches:
Dungeon (3/15) Zot: 14950

Altars:

Annotations:
D:1 1 transporter

#.##.###.♣♣♣.######.##
#.##.....♣[♣.# #.#
#.######♣♣.♣♣# #.#
#.###### ...♣ #.##
#......♣ ...♣♣ #...
#.#####♣ ....♣ #...
##.## ....♣ #...
##...####♣♣...♣♣..###...
#......@ff...<....+.....
##....###f........###...
###...####.......# #.#.
#.......###.....## #...
#..<....# #...## ####
#.......# #+#####
###...### ###.#...######
#...#####.............
##.###......#...######


You could see 3 sleepcaps.


Message History

😮 HP[-4]
You take 4 damage, and now have 22/35 hp.
You hit the orc.
Your tail-slap misses the orc.
The orc barely misses you.
You hit the orc. You tail-slap the orc. The orc closely misses you. 😮 HP[+1]
You closely miss the orc. The orc closely misses you.
You hit the orc.
You kill the orc!
You closely miss the orc.
The orc hits you with a +0 whip. 😮 HP[-2]
You take 2 damage, and now have 21/35 hp.
You hit the orc but do no damage.
Your tail-slap misses the orc.
The orc barely misses you. 😮 HP[+1]
You completely miss the orc.
The orc hits you with a +0 whip. 😮 HP[-1]
You take 1 damage, and now have 21/35 hp.
You hit the orc. The orc hits you but does no damage.
You hit the orc.
The orc hits you with a +0 whip. 😮 HP[-2]
You take 2 damage, and now have 19/35 hp.
You hit the orc but do no damage.
The orc hits you but does no damage. 😮 HP[+1]
You closely miss the orc.
Your tail-slap misses the orc.
The orc misses you.
You barely miss the orc. You tail-slap the orc. The orc misses you.
You barely miss the orc. The orc closely misses you.
You closely miss the orc. You tail-slap the orc.
You kill the orc! 😮 HP[+1]
Items here: )) [ †.
Key pressed, stopping explore.
s - a scroll labelled ACAPPYEXEH 😎 HP[+14]
Your hp is fully restored (35).
r - 3 scrolls labelled KOENNI ZAEXZU (gained 1) Key pressed, stopping explore.
Found a stone staircase leading down.
Key pressed, stopping explore.
You open the door.
Found a stone staircase leading up.
There is an open door here. 3 sleepcaps come into view.
The sleepcap moves out of view.
There are monsters nearby!
There are monsters nearby!
There are monsters nearby!
You hit the sleepcap. The sleepcap misses you.
You hit the sleepcap.
You tail-slap the sleepcap, but do no damage.
The sleepcap barely misses you.
You hit the sleepcap. The sleepcap barely misses you.
You hit the sleepcap but do no damage. The sleepcap barely misses you.
You hit the sleepcap but do no damage. The sleepcap closely misses you.
You hit the sleepcap but do no damage. The sleepcap releases spores at you!
You are engulfed in a cloud of soporific spores!
You fall asleep.
The sleepcap releases spores at you!
You wake up.
* * * LOW HITPOINT WARNING * * *
You are engulfed in a cloud of soporific spores!
You are unaffected. 😨 HP[-22]
You take 22 damage, and now have 13/35 hp.
MASSIVE DAMAGE!! (PAUSE) 😨 HP[+1]
The sleepcap attacks as it pursues you!
The sleepcap releases spores at you but does no damage.
There is an open door here.
The sleepcap attacks as it pursues you! The sleepcap closely misses you.
You hit the sleepcap. You tail-slap the sleepcap.
The sleepcap closely misses you.
You hit the sleepcap but do no damage. The sleepcap releases spores at you!
* * * LOW HITPOINT WARNING * * *
You are engulfed in a cloud of soporific spores!
You fall asleep.
The sleepcap barely misses you. The sleepcap releases spores at you.
You wake up.
* * * LOW HITPOINT WARNING * * *
You are engulfed in a cloud of soporific spores!
You are unaffected.
You hit the sleepcap.
The sleepcap barely misses you. 😱 HP[-11]
You take 11 damage, and now have 3/35 hp.
MASSIVE DAMAGE!! (PAUSE)
Casting: Foxfire (safe; 6% risk of failure)
Confirm with . or Enter, or press ? or * to list all spells.
Flames lash the sleepcap.
The sleepcap's fire resistance burns away.
The sleepcap releases spores at you.
* * * LOW HITPOINT WARNING * * *
You are engulfed in a cloud of soporific spores!
You are unaffected. 😱 HP[-2] MP[-2]
You take 2 damage, and now have 1/35 hp.
You lost 2 mp, and now have 5/7 mp.
Casting: Scorch (safe; 7% risk of failure)
Confirm with . or Enter, or press ? or * to list all spells.
Flames lash the sleepcap.
The sleepcap's fire resistance burns away.
The sleepcap releases spores at you.
You die...

Skill      XL: |  1  2  3  4 |
---------------+-------------+-----
Dodging        | 2 |  2.4
Fighting       | 1 |  1.6
Conjurations   | 2 |  2.0
Stealth        | |  1.7
Shields        | |  0.1
Spellcasting   | |  2.5
Fire Magic     | |  3.5

Action                     |  1- 3 |  4- 6 || total
---------------------------+-------+-------++-------
  Melee: Short sword       |   202 |    46 ||   248
         Unarmed           |     4 |       ||     4
         Tailslap          |    19 |     7 ||    26
         Punch             |     3 |       ||     3
   Cast: Foxfire           |    17 |     3 ||    20
         Scorch            |       |     2 ||     2
   Stab: Sleeping          |     3 |       ||     3
 Armour: Skin              |   134 |    24 ||   158
  Dodge: Dodged            |   156 |    25 ||   181

Levels and vault maps discovered:
D:1:      spicycebolla_arrival_risky_transporter, layout_basic,
          roderic_three_in_a_row
D:2:      kennysheep_the_goblin_king, layout_basic, hangedman_decor_peaks_small
D:3:      layout_loops_corners, mainiacjoe_overflow_brackets, serial_shops,
          shop, hellmonk_no_cap

Notes
Turn   | Place    | Note
-------+----------+-------------------------------------------
     0 | D:1      | mcwallace the Draconian Fire Elementalist began the quest
                  | for the Orb.
     0 | D:1      | Reached XP level 1. HP: 14/14 MP: 3/3
     0 | D:1      | magus.rc [v1.9.6]
   355 | D:1      | Reached XP level 2. HP: 22/22 MP: 1/5
   361 | D:1      | Reached skill level 2 in Dodging
   457 | D:1      | Reached skill level 1 in Fighting
   552 | D:1      | You pick up a book of Blood and begin reading...
   552 | D:1      | You add the spells Sublimation of Blood, Wereblood and
                  | Summon Hydra to your library.
   637 | D:1      | HP: 4/23 [jackal (3)]
   650 | D:1      | Reached XP level 3. HP: 7/28 MP: 3/6
   651 | D:1      | HP: 5/28 [ball python (2)]
   665 | D:1      | HP: 4/28 [kobold/stone (2)]
   670 | D:1      | HP: 3/28 [kobold/+0 club (3)]
  1337 | D:1      | Learned a level 2 spell: Scorch
  1551 | D:2      | You add the spells Cigotuvi's Dreadful Rot, Ignite Poison
                  | and Freezing Cloud to your library.
  2125 | D:2      | Reached XP level 4. HP: 35/35 MP: 7/7
  2761 | D:3      | Noticed a black bear
  2892 | D:3      | Reached skill level 2 in Conjurations
  3044 | D:3      | HP: 8/35 [sleepcap (7)]
  3046 | D:3      | HP: 3/35 [sleepcap (5)]
  3048 | D:3      | HP: 1/35 [sleepcap (3)]
  3049 | D:3      | Slain by a sleepcap

Vanquished Creatures
  An adder (D:3)
  A worm (D:2)
  5 dart slugs (D:1)
  4 orcs (D:3)
  8 bats
  An endoplasm (D:1)
  A giant cockroach (D:1)
  10 goblins
  9 hobgoblins
  6 jackals (D:1)
  A quokka (D:1)
  2 ball pythons (D:1)
  3 frilled lizards
  4 kobolds
  2 rats (D:2)
58 creatures vanquished.

Vanquished Creatures (others)
  29 foxfires
29 creatures vanquished.

Grand Total: 87 creatures vanquished

Table legend:
 A = Non-vault XP
 B = Vault XP
 C = Vault XP percentage of total XP
 D = Non-vault monster count
 E = Vault monster count
 F = Vault count percentage of total count
                 A         B        C        D         E       F
            +---------+---------+-------+---------+---------+-------
      Total |     117 |      13 |  10.0 |      51 |       7 |  12.1
            +---------+---------+-------+---------+---------+-------
        D:1 |      60 |       0 |   0.0 |      28 |       0 |   0.0
        D:2 |      30 |      13 |  30.2 |      17 |       7 |  29.2
        D:3 |      27 |       0 |   0.0 |       6 |       0 |   0.0
            +---------+---------+-------+---------+---------+-------

Skill      XL: |  1  2  3  4 |
---------------+-------------+-----
Dodging        | 2 |  2.4
Fighting       | 1 |  1.6
Conjurations   | 2 |  2.0
Stealth        | |  1.7
Shields        | |  0.1
Spellcasting   | |  2.5
Fire Magic     | |  3.5

Action                     |  1- 3 |  4- 6 || total
---------------------------+-------+-------++-------
  Melee: Short sword       |   202 |    46 ||   248
         Unarmed           |     4 |       ||     4
         Tailslap          |    19 |     7 ||    26
         Punch             |     3 |       ||     3
   Cast: Foxfire           |    17 |     3 ||    20
         Scorch            |       |     2 ||     2
   Stab: Sleeping          |     3 |       ||     3
 Armour: Skin              |   134 |    24 ||   158
  Dodge: Dodged            |   156 |    25 ||   181

Illustrated notes

Table legend:
 A = Kills in this place as a percentage of kills in the entire game.
 B = Kills by you in this place as a percentage of kills by you in the entire game.
 C = Kills by friends in this place as a percentage of kills by friends in the entire game.
 D = Other kills in this place as a percentage of other kills in the entire game.
 E = Experience gained in this place as a percentage of experience gained in the entire game.
 F = Experience gained in this place divided by the number of levels of this place that you have seen.
                   A       B       C       D       E      F
               +-------+-------+-------+-------+-------+----------------------
         Total | 100.0 | 100.0 |   N/A |   N/A | 100.0 |  43.3
       Dungeon | 100.0 | 100.0 |   N/A |   N/A | 100.0 |  43.3
               +-------+-------+-------+-------+-------+----------------------

Table legend: (Time is in decaauts)
 A = Elapsed time spent in this place.
 B = Non-inter-level travel time spent in this place.
 C = Inter-level travel time spent in this place.
 D = Time resting spent in this place.
 E = Time spent auto-exploring this place.
 F = Levels seen in this place.
 G = Mean time per level.
                   A        B        C        D        E       F      G
               +--------+--------+--------+--------+--------+-----+--------+
         Total |   3048 |   2777 |    271 |      0 |   2220 |   3 | 1016.0 |
       Dungeon |   3048 |   2777 |    271 |      0 |   2220 |   3 | 1016.0 |
               +--------+--------+--------+--------+--------+-----+--------+

Top non-repeatable levels by time:
     D:1: 1529 daAuts
     D:2: 1128 daAuts
     D:3: 390 daAuts
